cohdb
Replays
Latest Replays
All Replays
Popular Replays
Top Player Replays
Match Explorer
How It Works
Community
CoH3 Stats
Reddit
Sign in to upload your games and track your stats! →
Sign in with Steam
Match 39845522
Unlisted
Match 39845522
Overview
Messages
Build Orders
End
Royal Engineer Section
Vickers Machine Gun Team
Vickers Machine Gun Team
Construct Section Command Post
ML 3-inch Mortar Team
Selects Canadian Shock Battlegroup
Selects Attacking Spirit
Selects Canadian Shock Section
Canadian Shock Section
Construct Field Infirmary
Construct Platoon Command Post
Canadian Shock Section
Selects Incendiary Munitions
Construct Company Command Post
Unlock M3 Grant Medium Tanks
M3 Grant Medium Tank
Selects Pyrotechnics
Foot Guards Section
M3 Grant Medium Tank
Royal Engineer Section
Royal Engineer Section
Selects Smoke Operation
Selects Demolition Engineering
M3 Grant Medium Tank
Smoke Operation
M3 Grant Medium Tank
M3 Grant Medium Tank
M3 Grant Medium Tank
ßoo
Alutha
applejuice
n8mahr
Mercury
Staufer
0
0
Comments
sign in to comment!
No comments posted yet!